 Dungeon Crawl Stone Soup version 0.28-a0-657-g71136c5590 (webtiles) character file.

Game seed: 16063112408772370642

4 siradein the Caller (level 1, 0/13 HPs)
             Began as a Demonspawn Summoner on Oct 14, 2021.
             Slain by a hobgoblin (5 damage)
             ... on level 1 of the Dungeon.
             The game lasted 00:01:27 (434 turns).

siradein the Caller (Demonspawn Summoner)            Turns: 434, Time: 00:01:27

Health: 0/13       AC:  2    Str:  8    XL:     1   Next: 50%
Magic:  2/3        EV: 12    Int: 16    God:
Gold:   0          SH:  0    Dex: 13    Spells: 3/4 levels left

rFire   . . .      SeeInvis .   (no weapon)
rCold   . . .      Faith    .   (no shield)
rNeg    . . .      Spirit   .   a - +0 robe
rPois   .          Reflect  .   (no helmet)
rElec   .          Harm     .   (no cloak)
rCorr   .          Rampage  .   (no gloves)
Will    .....                   (no boots)
Stlth   ++........              (no amulet)
HPRegen 0.04/turn               (no ring)
MPRegen 0.08/turn               (no ring)

@: no status effects
A: no striking features
a: no special abilities


You were on level 1 of the Dungeon.
You visited 1 branch of the dungeon, and saw 1 of its levels.

Inventory:

Missiles
 c - 17 poisoned darts
Armour
 a - a +0 robe (worn)
Potions
 b - a potion of invisibility {unknown}
 d - a potion of mutation {unknown}


   Skills:
 - Level 1.7 Dodging
 - Level 1.7 Stealth
 + Level 2.1 Spellcasting
 + Level 4.1 Summonings


You had 3 spell levels left.
You knew the following spells:

 Your Spells              Type           Power      Damage    Failure   Level
a - Summon Small Mammal   Summ           56%        N/A       3%          1

Your spell library contained the following spells:

 Spells                   Type           Power      Damage    Failure   Level
 Call Imp                 Summ           14%        N/A       6%          2
 Call Canine Familiar     Summ           14%        N/A       12%         3
 Summon Guardian Golem    Hex/Summ       8%         N/A       26%         3
 Summon Lightning Spire   Summ/Air       8%         N/A       65%         4


Dungeon Overview and Level Annotations

Branches:
Dungeon (1/15)

Altars:


Message History

Your bat hits the endoplasm. Your bat hits the endoplasm.
The endoplasm barely misses your bat.
Your bat hits the endoplasm.
Your bat hits the endoplasm but does no damage.
Your bat hits the endoplasm but does no damage.
Your bat hits the endoplasm.
The endoplasm dies!
You swap places.
A frilled lizard and a hobgoblin come into view.
There are monsters nearby!
There are monsters nearby!
There are monsters nearby!
There are monsters nearby!
The frilled lizard hisses angrily.
The hobgoblin shouts!
A hobgoblin comes into view.
You swap places.
Your bat disappears in a puff of smoke!
Casting: Summon Small Mammal (safe; 3% risk of failure)
Press: ? - help, Q - select action, (/) - cycle Dir - look around, f - activate The hobgoblin hits you.
Unknown command.
You closely miss the hobgoblin.
The hobgoblin hits you but does no damage.
The frilled lizard bites you.
You completely miss the hobgoblin. The hobgoblin hits you.
The frilled lizard closely misses you.
You are too injured to fight recklessly!
You are too injured to fight recklessly!
You are too injured to fight recklessly!
You are too injured to fight recklessly!
Your quokka closely misses the hobgoblin.
The frilled lizard closely misses your quokka.
Your quokka closely misses the hobgoblin.
Your quokka bites the hobgoblin.
Your quokka bites the hobgoblin.
Your quokka misses the frilled lizard.
Casting: Summon Small Mammal (safe; 3% risk of failure)
Press: ? - help, Q - select action, (/) - cycle Dir - look around, f - activate The hobgoblin hits you.
You die...

#+#####....###..######
......r..............#
.........#...........#
.........#.....>.....#
.........#..l........#
.........#...........#
.........#....r......#
...............g.b...#
................@....#
..........##........##
..........##.+++'++.##
.............+....+..##
..........##.+..<.+...#
..........##.+....+†#.#
..........##.+....+.#.#
........##.+++'+÷.#.##
........#....g....#..#


You could see a hobgoblin (ally target), a frilled lizard, a friendly quokka
(summoned) and a friendly bat (summoned).

Vanquished Creatures (collateral kills)
  A ball python (D:1)
  An endoplasm (D:1)
  A hobgoblin (D:1)
3 creatures vanquished.

Notes
Turn   | Place    | Note
-------+----------+-------------------------------------------
     0 | D:1      | siradein the Demonspawn Summoner began the quest for the
                  | Orb.
     0 | D:1      | Reached XP level 1. HP: 13/13 MP: 3/3
   434 | D:1      | Slain by a hobgoblin

Illustrated notes

Levels and vault maps discovered:
D:1:      lightli_arrival_maybe_door_vault, layout_basic, minivault_19

Action                   || total
-------------------------++-------
Melee: Unarmed           ||    16
 Cast: Summon Small Mamm ||     5
Armor: Robe              ||     5
Dodge: Dodged            ||    24

Table legend: (Time is in decaauts)
 A = Elapsed time spent in this place.
 B = Non-inter-level travel time spent in this place.
 C = Inter-level travel time spent in this place.
 D = Time resting spent in this place.
 E = Time spent auto-exploring this place.
 F = Levels seen in this place.
 G = Mean time per level.
                   A        B        C        D        E       F      G
               +--------+--------+--------+--------+--------+-----+--------+
         Total |    434 |    434 |      0 |      0 |    343 |   1 |  434.0 |
       Dungeon |    434 |    434 |      0 |      0 |    343 |   1 |  434.0 |
               +--------+--------+--------+--------+--------+-----+--------+

Top non-repeatable levels by time:
     D:1: 434 daAuts
